 Dungeon Crawl Stone Soup version 0.23-a0-389-g4a5eb33 (webtiles) character file.

73 Dawnplanks the Cudgeler (level 4, 0/27 HPs)
             Began as a Gargoyle Gladiator on Oct 29, 2018.
             Slain by a worm (8 damage)
             ... on level 2 of the Dungeon.
             The game lasted 00:03:43 (1242 turns).

Dawnplanks the Cudgeler (Gargoyle Gladiator)        Turns: 1242, Time: 00:03:43

Health: 0/27       AC:  7    Str: 18    XL:     4   Next: 27%
Magic:  4/4        EV: 12    Int:  9    God:
Gold:   106        SH:  0    Dex: 11    Spells: 3/3 levels left

rFire    . . .     SeeInvis .   j - +2 whip (flame)
rCold    . . .     Gourm    .   (no shield)
rNeg     + . .     Faith    .   b - +0 leather armour
rPois    ∞         Spirit   .   c - +0 helmet
rElec    +         Reflect  .   (no cloak)
rCorr    .         Harm     .   (no gloves)
MR       .....                  (no boots)
Stlth    +.........             e - amulet of rage
HPRegen  0.09/turn              (no ring)
MPRegen  0.09/turn              (no ring)

@: no status effects
A: negative energy resistance 1, electricity resistance, unbreathing,
petrification resistance, rot immunity, AC +3
a: Evoke Berserk Rage


You were on level 2 of the Dungeon.
You were not hungry.

You visited 1 branch of the dungeon, and saw 2 of its levels.

You collected 106 gold pieces.

Inventory:

Hand Weapons
 j - a +2 whip of flaming (weapon)
Missiles
 d - 3 throwing nets (quivered)
Armour
 b - a +0 leather armour (worn)
 c - a +0 helmet (worn)
Jewellery
 e - an amulet of rage (around neck)
Scrolls
 g - a scroll of fear {unknown}
 l - a scroll of teleportation {unknown}
 m - a scroll of magic mapping {unknown}
 p - a scroll of fog {unknown}
 q - 2 scrolls of identify {unknown}
 r - a scroll of blinking {unknown}
Potions
 h - 4 potions of curing {unknown}
 i - a potion of lignification {unknown}
 k - a potion of ambrosia {unknown}
 n - a potion of agility {unknown}
 o - a potion of haste {unknown}
Comestibles
 a - 8 chunks of flesh
 f - 2 rations


   Skills:
 + Level 2.4 Fighting
 * Level 4.3 Maces & Flails
 - Level 1.7 Throwing
 + Level 1.1 Armour
 + Level 2.8 Dodging


You had 3 spell levels left.
You didn't know any spells.
Your spell library was empty.

Dungeon Overview and Level Annotations

Branches:
Dungeon (2/15)

Altars:


Innate Abilities, Weirdness & Mutations

You are resistant to torment.
Your stone body is resilient. (AC +3)
You are immune to poison.
You resist negative energy. (rN+)
You are resistant to electric shocks. (rElec)
You can survive without breathing.
You are immune to petrification.
You are immune to rotting.


Message History

You hit the gnoll. You burn the gnoll.
You kill the gnoll!
Things that are here:
a +0 club x2; a gnoll corpse You butcher the gnoll corpse.
a - 8 chunks of flesh (gained 3)
Things that are here:
a +0 club x2; a gnoll skeleton You start resting.
A worm comes into view.
A worm is nearby!
You are too injured to fight recklessly!
The worm bites you.
* * * LOW HITPOINT WARNING * * *
You hit the worm. You burn the worm.
The worm is moderately wounded.
You hit the worm. You burn the worm.
The worm is severely wounded.
The worm bites you!
You die...

.. #.......##.#)# #. #.
#.......##.#.# #. #.
#.########.#.# #. #.#.##.#
#(#.# #. #..))).# #.# #.
####.#.# #.# #. #.#.##### #.#
#. #...#.... ..# #. ##.@#... #.
#.w#(.############.
#############..#..#............
#.............>#..#.#..........
#......#####...#..#.....(......
#............##.#......#######.
#####'####.#.#.###.......# #.
#.#.......#|#......# #.
#.#....[.###)#.....# #.


You could see a worm.

Vanquished Creatures
  5 gnolls (D:2)
  A dart slug (D:1)
  3 giant cockroaches
  3 hobgoblins (D:2)
  A quokka (D:2)
  3 bats (D:1)
  2 frilled lizards
  3 kobolds (D:1)
  6 rats
27 creatures vanquished.

Notes
Turn   | Place    | Note
-------+----------+-------------------------------------------
     0 | D:1      | Dawnplanks the Gargoyle Gladiator began the quest for the
                  | Orb.
     0 | D:1      | Reached XP level 1. HP: 12/12 MP: 1/1
   630 | D:1      | Reached XP level 2. HP: 17/17 MP: 2/2
   966 | D:2      | Reached XP level 3. HP: 20/22 MP: 3/3
  1208 | D:2      | Reached skill level 4 in Maces & Flails
  1215 | D:2      | Reached skill level 1 in Armour
  1223 | D:2      | Reached XP level 4. HP: 19/27 MP: 4/4
  1242 | D:2      | Slain by a worm

Vault maps used:
D:1:      dpeg_arrival_boxorama, minmay_tromino_mix6
D:2:      cheibrodos_old_hovel, minmay_tripent

Skill      XL: |  1  2  3 |
---------------+----------+-----
Maces & Flails | 4 |  4.3
Armour         | 1 |  1.1
Fighting       | |  2.4
Throwing       | |  1.7
Dodging        | |  2.8

Action                   |  1- 3 |  4- 6 || total
-------------------------+-------+-------++-------
Melee: Flail             |    72 |       ||    72
       Whip              |    24 |     7 ||    31
  Eat: Chunk             |     1 |       ||     1
Armor: Leather armour    |    47 |     1 ||    48
Dodge: Dodged            |    85 |     1 ||    86

Table legend:
 A = Non-vault XP
 B = Vault XP
 C = Vault XP percentage of total XP
 D = Non-vault monster count
 E = Vault monster count
 F = Vault count percentage of total count
                 A         B        C        D         E       F
            +---------+---------+-------+---------+---------+-------
      Total |      82 |      23 |  21.9 |      21 |       6 |  22.2
            +---------+---------+-------+---------+---------+-------
        D:1 |      15 |       6 |  28.6 |      11 |       4 |  26.7
        D:2 |      67 |      17 |  20.2 |      10 |       2 |  16.7
            +---------+---------+-------+---------+---------+-------
